AoeStats
← GhoulHumaN_Tw

Arabia

509117297Analyzed
1v1 RM · 5d ago on Sep 25, 2026· 33m 30s· 2 players
Game mode
Random Map
Map size
Tiny (2 player)
Population
200
Speed
Normal
Resources
Standard
Victory
Conquest
Starting age
Dark Age
Ending age
Imperial Age
RankedLock teamsTeams togetherTeam positionsShared explorationLock speedFull tech treeHidden civsTurbo modeCheats
Victory
Defeat
🇹🇼 Danes · Taiwan
993
+17
🇨🇳 Maya · China
1010
-17
GhoulHumaN_Tw
6:56 Loom
9:32 Feudal Age
10:27 Double-Bit Axe
11:20 Horse Collar
17:00 Wheelbarrow
20:21 Castle Age
19:09 Fletching
21:15 Scale Mail Armor
21:36 Squires
21:48 Forging
22:48 Chain Mail Armor
22:21 Gambesons
22:59 Bow Saw
25:38 Iron Casting
28:20 Bodkin Arrow
加成
0:26 Loom
10:42 Feudal Age
18:19 Castle Age
16:46 Stone Mining
19:39 Double-Bit Axe
21:03 Fletching
23:08 Scale Mail Armor
25:39 Bodkin Arrow
28:32 Bow Saw
Connection lost

Rejoining the realm…

Still unreachable

The connection could not be restored.

Session expired

The server has moved on; the page needs a fresh start.